AoeStats
← Macau_Player

Nomad

507044550Analyzed
4v4 RM · 15d ago on Sep 16, 2026· 44m 50s· 8 players
Game mode
Random Map
Map size
231×231
Population
200
Speed
Normal
Resources
Standard
Victory
Conquest
Starting age
Dark Age
Ending age
Imperial Age
RankedLock teamsTeams togetherTeam positionsShared explorationLock speedFull tech treeHidden civsTurbo modeCheats
Victory
Defeat
🇩🇪 Huns · Germany
864
+20
🇩🇪 Persians · Germany
841
+20
🇩🇪 Vietnamese · Germany
833
+21
812
+22
🇨🇳 Inca · China
997
-23
🇨🇳 Berbers · China
966
-22
🇨🇳 Bohemians · China
951
-21
🇯🇵 Maya · Japan
844
-17
BoBo鸡之印第安走地鸡
3:54 Loom
18:03 Feudal Age
19:59 Horse Collar
22:22 Castle Age
20:11 Double-Bit Axe
23:05 Wheelbarrow
24:21 Bow Saw
26:43 Heavy Plow
28:55 Gold Mining
30:22 Hand Cart
30:50 Gold Shaft Mining
34:47 Imperial Age
33:03 Stone Mining
34:34 Husbandry
34:45 Bloodlines
34:44 Scale Barding Armor
34:52 Forging
35:28 Elite Battle Elephant
36:33 Chain Barding Armor
36:49 Iron Casting
38:36 Stone Shaft Mining
39:53 Plate Barding Armor
40:19 Blast Furnace
40:02 Tusk Swords
40:25 Conscription
VC
5:04 Loom
17:10 Feudal Age
19:45 Double-Bit Axe
19:41 Horse Collar
19:53 Gold Mining
19:54 Stone Mining
23:57 Castle Age
25:02 Fletching
26:17 Stone Shaft Mining
26:20 Wheelbarrow
25:59 Bow Saw
26:01 Elite Skirmisher
31:44 Hand Cart
35:45 Fortified Wall
36:00 Treadmill Crane
37:45 Thumb Ring
38:01 Heavy Plow
39:00 Town Watch
42:01 Chatras
43:24 Bodkin Arrow
43:52 Ballistics
43:31 Murder Holes
44:13 Padded Archer Armor
tobi12000
8:44 Loom
17:42 Feudal Age
21:35 Castle Age
24:08 Wheelbarrow
24:18 Gold Mining
25:37 Hand Cart
25:17 Stone Mining
27:25 Gold Shaft Mining
27:47 Bloodlines
27:49 Forging
28:34 Husbandry
29:43 Scale Barding Armor
32:55 Iron Casting
32:20 Double-Bit Axe
34:19 Chain Barding Armor
34:20 Horse Collar
38:30 Imperial Age
35:50 Town Watch
38:08 Caravan
38:21 Town Patrol
40:12 Plate Barding Armor
40:18 Conscription
41:44 Blast Furnace
41:50 Elite Tarkan
msteinbo
6:58 Loom
17:59 Feudal Age
19:06 Fishing Lines
23:29 Castle Age
23:28 Double-Bit Axe
25:03 Gillnets
26:52 Bow Saw
29:16 Gold Mining
29:21 Stone Mining
32:15 Kamandaran
32:09 Fletching
32:19 Padded Archer Armor
32:45 Thumb Ring
33:05 Bodkin Arrow
32:33 Crossbowman
36:13 Leather Archer Armor
47:47 Imperial Age
Macau_Player
8:35 Loom
14:42 Feudal Age
18:46 Castle Age
17:58 Double-Bit Axe
17:54 Horse Collar
21:10 Bow Saw
27:44 Wheelbarrow
30:03 Imperial Age
30:21 Chemistry
29:42 Ballistics
29:33 Pikeman
30:04 Fletching
31:10 Conscription
31:07 Bodkin Arrow
31:12 Scale Mail Armor
31:23 Forging
31:36 Elite Skirmisher
34:53 Halberdier
35:50 Chain Mail Armor
36:23 Bracer
36:24 Padded Archer Armor
38:06 Plate Mail Armor
42:57 Iron Casting
游侠不语只会屠民
卢本伟
4:45 Loom
しこっぴ
3:41 Loom
16:13 Feudal Age
16:43 Town Watch
16:54 Double-Bit Axe
17:03 Gold Mining
19:52 Fishing Lines
24:58 Castle Age
23:40 Fletching
23:50 Padded Archer Armor
25:02 Crossbowman
25:49 Thumb Ring
25:40 Gillnets
26:03 Forging
27:46 Ballistics
27:40 Bow Saw
28:22 Bodkin Arrow
29:20 Leather Archer Armor
30:52 Wheelbarrow
37:13 Imperial Age
35:09 Stone Mining
36:55 Iron Casting
36:20 Scale Mail Armor
36:54 Squires
36:39 Arson
38:18 Conscription
37:40 Arbalester
40:31 Two-Man Saw
40:22 Hoardings
40:33 Stone Shaft Mining
Connection lost

Rejoining the realm…

Still unreachable

The connection could not be restored.

Session expired

The server has moved on; the page needs a fresh start.